 Dungeon Crawl Stone Soup version 0.17-a0-1714-g35622ae (webtiles) character file.

192 kae the Slasher (level 5, -6/45 HPs)
             Began as a Minotaur Fighter on Aug 23, 2015.
             Killed from afar by an orc wizard (8 damage)
             ... with a magic dart
             ... on level 4 of the Dungeon.
             The game lasted 00:01:13 (2689 turns).

kae the Slasher (Minotaur Fighter)                  Turns: 2689, Time: 00:01:13

Health: -6/45      AC:  6    Str: 20    XL:     5   Next: 42%
Magic:  4/4        EV:  7    Int:  6    God:
Gold:   122        SH:  9    Dex: 10    Spells: 0 memorised, 4 levels left

rFire  . . .     SeeInvis .     a - +0 long sword
rCold  . . .     Clarity  .     e - +0 scale mail
rNeg   . . .     SustAt   .     c - +0 shield
rPois  .         Gourm    .     (helmet restricted)
rElec  .         Spirit   .     (no cloak)
rCorr  .         Warding  .     (no gloves)
rMut   .         Stasis   .     (no boots)
MR     .....                    (no amulet)
Stlth  ..........               (no ring)
                                (no ring)

@: lethally poisoned (-6 -> -31), not resistant to hostile enchantments,
extremely unstealthy
A: retaliatory headbutt, horns 2
a: no special abilities


You were on level 4 of the Dungeon.
You were not hungry.

You visited 1 branch of the dungeon, and saw 4 of its levels.

You collected 122 gold pieces.

Inventory:

Hand weapons
 a - a +0 long sword (weapon)
Armour
 c - a +0 shield (worn)
 e - a +0 scale mail (worn)
Jewellery
 m - an uncursed amulet of clarity {unknown}
 q - a cursed -3 ring of dexterity {unknown}
Magical devices
 p - a wand of confusion (13)
 x - a wand of disintegration (12)
Scrolls
 h - a scroll of teleportation {unknown}
 l - a scroll of remove curse {unknown}
 n - a scroll of identify {unknown}
 w - a scroll of blinking {unknown}
Potions
 d - 3 potions of might
 f - 2 potions of flight {unknown}
 i - a potion of resistance {unknown}
 j - a potion of mutation {unknown}
 k - a potion of agility {unknown}
 o - 4 potions of curing {unknown}
 r - 2 potions of heal wounds {unknown}
 t - a potion of degeneration {unknown}
 u - a potion of cure mutation {unknown}
 v - a potion of lignification {unknown}
Comestibles
 b - 4 bread rations
 g - 6 meat rations
 s - 2 beef jerkies
 z - a chunk of flesh


   Skills:
 - Level 3.6 Fighting
 + Level 6.9 Long Blades
 - Level 3.6 Armour
 - Level 3.6 Shields


You had 4 spell levels left.
You didn't know any spells.

Dungeon Overview and Level Annotations

Branches:
Dungeon (4/15)
 Temple: D:4-7

Altars:
Ashenzari


Innate Abilities, Weirdness & Mutations

You reflexively headbutt those who attack you in melee.
You have a pair of horns on your head.


Message History

You are too injured to fight recklessly!
Your shield prevents you from hitting the orc priest.
Your headbutt misses the orc priest.
The orc wizard hits you but does no damage.
You are lethally poisoned!
The orc wizard hits you with a dagger of venom.
* * * LOW HITPOINT WARNING * * *
You are more poisoned.
You block the orc priest's attack.
You hit the orc priest.
The orc priest is severely wounded.
* * * LOW HITPOINT WARNING * * *
You feel very sick.
The orc wizard hits you with a dagger of venom.
* * * LOW HITPOINT WARNING * * *
The orc priest hits you with a club.
* * * LOW HITPOINT WARNING * * *
The orc wizard casts a spell at you. The magic dart hits you!
You die...

#...######.....
###............#.#.#
# #.###..##### ....
# #..##...# #.#.
####....#.## ... .
......###..### #..
##.. ..#.#.#
##...###.##.....
......# ###...#)o..#
#.#.#.# ###.#@o.#
#.....# #...###
####### ........##
.###..... ........
#.......!.
###......## ########


You could see an orc priest and an orc wizard.

Vanquished Creatures
  A giant frog (D:4)
  6 adders
  A worm (D:2)
  3 giant geckos
  9 orcs
  7 bats
  2 giant cockroaches
  8 goblins
  5 hobgoblins (D:3)
  4 jackals (D:3)
  8 kobolds
  2 quokkas
  3 giant newts
  5 rats
64 creatures vanquished.

Notes
Turn   | Place    | Note
--------------------------------------------------------------
     0 | D:1      | kae the Minotaur Fighter began the quest for the Orb.
     0 | D:1      | Reached XP level 1. HP: 19/19 MP: 0/0
   358 | D:1      | Reached XP level 2. HP: 17/26 MP: 1/1
   878 | D:2      | Reached skill level 4 in Long Blades
   878 | D:2      | Reached XP level 3. HP: 26/31 MP: 2/2
   919 | D:2      | Found a shattered altar of Ashenzari.
  1563 | D:2      | Reached skill level 5 in Long Blades
  1681 | D:3      | Reached XP level 4. HP: 37/39 MP: 3/3
  2461 | D:3      | Reached skill level 6 in Long Blades
  2680 | D:4      | Noticed a giant frog
  2686 | D:4      | Killed a giant frog
  2686 | D:4      | Reached XP level 5. HP: 27/45 MP: 4/4
  2689 | D:4      | HP: 2/45 [orc priest/club (5)]
  2689 | D:4      | Killed from afar by an orc wizard

Vault maps used:
D:1:      ncdulo_smallfort
D:2:      nicolae_ashenzari_panopticon
D:3:      first_bread
D:4:      temple_green, serial_glass, glass_columns_a, glass_columns_c,
          glass_columns_b, glass_columns_c, glass_columns_c, glass_columns_a,
          glass_columns_a, glass_columns_b, uniq_crazy_yiuf_cottage

Action                   |  1- 3 |  4- 6 || total
-------------------------+-------+-------++-------
Melee: Long sword        |    79 |    84 ||   163
  Eat: Chunk             |     2 |     1 ||     3
       Bread ration      |       |     1 ||     1
